[Event "*** Titled Tuesday Blitz"]
[Site "Chess.com"]
[Date "2020.10.27"]
[Round "9"]
[White "PaulfromSPb"]
[Black "PSvidler"]
[Result "1-0"]
[WhiteElo "2727"]
[BlackElo "2896"]
[TimeControl "180+1"]
[EndTime "11:44:29 PDT"]
[Termination "PaulfromSPb won by resignation"]

1. d4 d6 2. Nf3 Bg4 3. e4 Nf6 4. Nc3 e6 5. h3 Bh5 6. g4 Bg6 7. Bd3 c6 8. Qe2 d5 9. Bg5 dxe4 10. Nxe4 Nbd7 11. O-O-O Qa5 12. Kb1 Be7 13. Bd2 Qc7 14.
h4 Bxe4 15. Bxe4 Nxe4 16. Qxe4 Nf6 17. Qe2 Nxg4 18. h5 O-O-O 19. Rdg1 f5 20. Qxe6+ Qd7 21. Qe2 Rhe8 22. Qf1 Qd5 23. Rh3 Bf6 24. Bc3 Re4 25. Ne5 Nxe5 26. dxe5 Bxe5 27. Rd3 Qe6 28. f3 Rxd3 29.
Qxd3 Rh4 30. Qe3 Rxh5 31. Bxe5 f4 32. Bxf4 1-0

[Event "*** Titled Tuesday Blitz"]
[Site "Chess.com"]
[Date "2020.10.27"]
[Round "9"]
[White "Omk124"]
[Black "barbara25"]
[Result "0-1"]
[WhiteElo "2392"]
[BlackElo "2282"]
[TimeControl "180+1"]
[EndTime "11:44:29 PDT"]
[Termination "barbara25 won by resignation"]

1. e4 b6 2. d4 Bb7 3. Nc3 e6 4. Nf3 Bb4 5. Bd3 Nf6 6. Ke2 Bxc3 7. bxc3 Nxe4 8. Be3 Nxc3+ 9. Ke1 Nxd1 10. Rxd1 Bxf3 11. gxf3 d5 12. Rg1 g6 13. Bg5 f6 14. Bh6 Qe7 15.
Bc1 Nd7 16. f4 Qb4+ 17. Kf1 Qxd4 18. Bxg6+ hxg6 19. Rxd4 Kf7 20. Rg2 Rh3 21. Be3 Rah8 22. Kg1 c5 23. Rd1 d4 24. c3 e5 25. fxe5 fxe5 26. cxd4 exd4 27. Bg5 Ne5 28. Bf4 Nf3+ 29. Kh1 g5 30. Bg3 Kf6 31. Rd3 g4 32. Bc7 Re8 33.
Rxg4 Ne5 34. Bxe5+ Kf5 35. Rxh3 Kxg4 36. Rg3+ Kf5 37.
f4 Rd8 38. Rd3 Ke4 39. Rd1 c4 40. Kg2 c3 41. Kf2 c2 42. Re1+ Kd3 43. f5 Rf8 44. f6 Kd2 45. Bf4+ Kc3 46. Bg5 d3 47. Re7 Kb2 48.
Rc7 Kb1 49. h4 Rxf6+ 50. Bxf6 d2 51. Bg5 d1=Q 52. Bf4 Qd4+ 53. Kg3 Qd3+ 54. Kg4 Qg6+ 55. Bg5 Qe6+ 56. Kh5 Qe5 57. Rc8 Qe2+ 0-1

[Event "*** Titled Tuesday Blitz"]
[Site "Chess.com"]
[Date "2020.10.27"]
[Round "9"]
[White "szefru"]
[Black "saraswathii"]
[Result "1-0"]
[WhiteElo "2269"]
[BlackElo "2378"]
[TimeControl "180+1"]
[EndTime "11:44:29 PDT"]
[Termination "szefru won by resignation"]

1. e4 c5 2. Nf3 e6 3. b3 Nc6 4.
Bb2 d5 5. exd5 exd5 6. Qe2+ Be7 7. Nc3 Nf6 8. O-O-O O-O 9. h3 Qa5 10. Kb1 Re8 11. d3 Be6 12. Qd2 b5 13. g4 d4 14.
Ne4 Nxe4 15. dxe4 Qb6 16. Ng5 Bxg5 17. Qxg5 a5 18. f4 f6 19. Qh4 a4 20. f5 Bf7 21.
g5 fxg5 22. Qxg5 Rxe4 23. Rg1 g6 24. fxg6 Bxg6 25. h4 axb3 26. axb3 Re5 27. Qg4 Kh8 28. Bd3 Rg8 29. h5 Bf7 30. Qd7 Re7 31. Qf5 Be8 32.
Rxg8+ Kxg8 33. Rg1+ 1-0

[Event "*** Titled Tuesday Blitz"]
[Site "Chess.com"]
[Date "2020.10.27"]
[Round "9"]
[White "mishanick"]
[Black "TengisChess"]
[Result "1-0"]
[WhiteElo "2982"]
[BlackElo "2627"]
[TimeControl "180+1"]
[EndTime "11:44:31 PDT"]
[Termination "mishanick won by checkmate"]

1. d4 Nf6 2. c4 c6 3. Nc3 d5 4.
Nf3 e6 5. Bg5 Nbd7 6. cxd5 exd5 7. e3 Qa5 8. Bd3 Bb4 9. O-O Bxc3 10. bxc3 Qxc3 11. Rc1 Qa3 12. Qc2 h6 13. Bf4 O-O 14. Rb1 Qe7 15. h3 Re8 16. Ne5 Nxe5 17. Bxe5 Nd7 18.
Bg3 Nb6 19. a4 Be6 20. Qb3 Rad8 21. Rfc1 Rd7 22. Ra1 Nc4 23. Qc3 b6 24. e4 a6 25.
e5 b5 26. axb5 axb5 27. Ra6 Rc8 28. Rca1 Rb7 29. f4 Qd7 30. Qb4 Bxh3 31. gxh3 Qxh3 32. Qe1 b4 33. Bf1 Qg4 34. Kh2 Qf3 35. Ra8 Rxa8 36.
Rxa8+ Kh7 37. e6 Ne3 38. Bh3 f5 39. Re8 b3 40. e7 b2 41. Rh8+ Kxh8 42. e8=Q+ Kh7 43.
Q1xe3 Qxe3 44. Bxf5+ g6 45. Bxg6+ Kg7 46. Qxe3 Kxg6 47.
Qd3+ Kh5 48. Qf5# 1-0

[Event "*** Titled Tuesday Blitz"]
[Site "Chess.com"]
[Date "2020.10.27"]
[Round "9"]
[White "Training_Day"]
[Black "Matols"]
[Result "0-1"]
[WhiteElo "2382"]
[BlackElo "2248"]
[TimeControl "180+1"]
[EndTime "11:44:32 PDT"]
[Termination "Matols won on time"]

1. e4 e6 2. d3 d5 3. Qe2 Nf6 4.
Nf3 c5 5. g3 g6 6. Bg2 Bg7 7. O-O O-O 8. c3 Nc6 9. e5 Nd7 10. Bf4 Re8 11. Re1 f6 12. exf6 Qxf6 13. Nbd2 e5 14. Bg5 Qf7 15. Nb3 b6 16. Nfd2 Bb7 17.
c4 Nd4 18. Nxd4 exd4 19. Qf1 Ne5 20. f4 Ng4 21. cxd5 Ne3 22. Qf2 Bxd5 23. Bxd5 Qxd5 24. Nf1 Ng4 25. Qg2 Qxg2+ 26. Kxg2 h6 27. Bh4 Kf7 28. h3 Nf6 0-1

[Event "*** Titled Tuesday Blitz"]
[Site "Chess.com"]
[Date "2020.10.27"]
[Round "9"]
[White "Chamal_Gedgafov"]
[Black "ChessSwole"]
[Result "0-1"]
[WhiteElo "2142"]
[BlackElo "2381"]
[TimeControl "180+1"]
[EndTime "11:44:35 PDT"]
[Termination "ChessSwole won by checkmate"]

1. d4 Nf6 2. c4 g6 3. Nc3 Bg7 4. e4 d6 5. Nf3 O-O 6. Be2 e5 7. d5 a5 8. Be3 Ng4 9. Bg5 f6 10.
Bh4 Qe8 11. Nd2 f5 12. O-O Na6 13. Bxg4 fxg4 14. Bg5 Rf4 15. g3 Rf7 16. a3 Nc5 17. Qc2 a4 18. Be3 b6 19. b4 axb3 20. Nxb3 Bd7 21.
Nxc5 bxc5 22. a4 Bc8 23. a5 Ba6 24. Nb5 Qd7 25. Rfb1 Rff8 26. Qd2 Rfb8 27. Qe2 Bf6 28. Rb2 h5 29. Rab1 Kg7 30. Bd2 Rh8 31. Be3 h4 32.
Qd2 Rh5 33. Na3 Rah8 34. Qc3 g5 35. Nb5 Kg6 36. Na7 Qh7 37. Qd2 Bxc4 38. Rc1 Ba6 39. Nc6 hxg3 40. fxg3 Rh3 41. Rcc2 Rxg3+ 42. hxg3 Qh1+ 43. Kf2 Rh2# 0-1

[Event "*** Titled Tuesday Blitz"]
[Site "Chess.com"]
[Date "2020.10.27"]
[Round "9"]
[White "shriyanasmallya"]
[Black "nitpicker"]
[Result "0-1"]
[WhiteElo "1693"]
[BlackElo "2254"]
[TimeControl "180+1"]
[EndTime "11:44:42 PDT"]
[Termination "nitpicker won by checkmate"]

1. e4 d5 2. exd5 Qxd5 3. Nc3 Qd8 4. d4 Nf6 5. Nf3 Bg4 6. Be2 e6 7. Bg5 Be7 8. h3 Bh5 9. Bxf6 Bxf6 10. Qd2 c6 11. g4 Bg6 12. O-O-O Nd7 13. Bd3 Bxd3 14. Qxd3 Qc7 15. Kb1 O-O-O 16. g5 Be7 17. Ne4 Qf4 18.
Ned2 Bxg5 19. Nxg5 Qxg5 20. Qa3 Kb8 21. h4 Qf4 22. Nc4 Nf6 23. Ne5 Ng4 24. Nxg4 Qxg4 25. f3 Qf4 26. Rhg1 g6 27. h5 Rxd4 28. Rxd4 Qxd4 29.
Rf1 Rd8 30. hxg6 Qd1+ 31. Rxd1 Rxd1# 0-1

[Event "*** Titled Tuesday Blitz"]
[Site "Chess.com"]
[Date "2020.10.27"]
[Round "9"]
[White "queen_iryna"]
[Black "IMprovidence"]
[Result "1-0"]
[WhiteElo "2310"]
[BlackElo "2420"]
[TimeControl "180+1"]
[EndTime "11:44:44 PDT"]
[Termination "queen_iryna won by resignation"]

1. e4 c5 2. Nf3 e6 3. c4 d5 4.
exd5 exd5 5. cxd5 Nf6 6. Nc3 a6 7. d4 Nxd5 8. Bc4 Nxc3 9. bxc3 cxd4 10. O-O Be7 11. cxd4 O-O 12. Re1 Nd7 13. Bf4 Nf6 14.
Qe2 Bd6 15. Ne5 b5 16. Bb3 Bb7 17. Nxf7 Rxf7 18. Bxf7+ Kh8 19. Bxd6 Qxd6 20. Qe5 Qc6 21. f3 h6 22. Bb3 Rd8 23. Rac1 Qd7 24. Rc7 Qxd4+ 25. Qxd4 Rxd4 26. Rxb7 Kh7 27. Bc2+ 1-0

[Event "*** Titled Tuesday Blitz"]
[Site "Chess.com"]
[Date "2020.10.27"]
[Round "9"]
[White "maxip32"]
[Black "Aygehovit1992"]
[Result "0-1"]
[WhiteElo "2424"]
[BlackElo "2645"]
[TimeControl "180+1"]
[EndTime "11:44:46 PDT"]
[Termination "Aygehovit1992 won on time"]

1. e4 c5 2. Nf3 d6 3. d4 cxd4 4.
Nxd4 Nf6 5. Nc3 Nc6 6. g3 g6 7. Bg2 Nxd4 8. Qxd4 Bg7 9. e5 Nd7 10. O-O Nxe5 11. Qb4 O-O 12. h3 a5 13. Qb5 Rb8 14. Be3 Bd7 15. Qb6 Nc4 16. Qxd8 Rfxd8 17. Nd5 Nxe3 18.
fxe3 Kf8 19. c3 b5 20. h4 b4 21. Rf2 Be5 22. Raf1 f6 23. Kh2 bxc3 24. bxc3 a4 25. h5 a3 26. Be4 gxh5 27. Kg2 Rb2 28. Rxb2 axb2 29. Bxh7 Ra8 30. Bb1 Bc6 31. e4 Ra3 32. Rf3 Kf7 33. Kf2 e6 34. Nb4 Bb5 35. Nc2 Rxc3 36.
Rxc3 Bxc3 0-1

[Event "*** Titled Tuesday Blitz"]
[Site "Chess.com"]
[Date "2020.10.27"]
[Round "9"]
[White "keepitcoming"]
[Black "CM_rui"]
[Result "1-0"]
[WhiteElo "2544"]
[BlackElo "2362"]
[TimeControl "180+1"]
[EndTime "11:44:46 PDT"]
[Termination "keepitcoming won by checkmate"]

1. d4 Nf6 2. c4 e6 3. Nc3 Bb4 4. e3 O-O 5. Ne2 d6 6. a3 Bxc3+ 7. Nxc3 Nbd7 8. Bd3 e5 9. O-O Qe7 10. Qc2 h6 11. b4 a5 12. Bb2 b6 13. Nb5 e4 14.
Be2 c6 15. Nc3 d5 16. cxd5 cxd5 17. Qb3 Bb7 18. bxa5 bxa5 19. Qxb7 Rab8 20. Nxd5 Nxd5 21. Qxd5 Rxb2 22. Rfe1 a4 23. Qc6 Nb6 24. Bb5 Qh4 25. Rf1 Nc8 26. Bxa4 Ne7 27. Qd7 Ng6 28. Rac1 Qg5 29.
Rc5 f5 30. Bc6 Qg4 31. h3 Qe2 32. Bd5+ Kh7 33. Rc7 Qxf1+ 34. Kxf1 Rb1+ 35. Ke2 Rfb8 36. Qxg7# 1-0

[Event "*** Titled Tuesday Blitz"]
[Site "Chess.com"]
[Date "2020.10.27"]
[Round "9"]
[White "Akhayan"]
[Black "MIJuanReyesRosa"]
[Result "1-0"]
[WhiteElo "2266"]
[BlackElo "2081"]
[TimeControl "180+1"]
[EndTime "11:44:46 PDT"]
[Termination "Akhayan won on time"]

1. d4 g6 2. Nf3 Bg7 3. g3 c6 4. Bg2 d5 5. O-O Nf6 6. c4 O-O 7. cxd5 cxd5 8. Ne5 Nc6 9. Nxc6 bxc6 10. Nc3 Bf5 11. Bf4 Ne4 12. Nxe4 Bxe4 13. Bxe4 dxe4 14. Be3 e5 15. dxe5 Bxe5 16. Qc2 f5 17. Rfd1 Qf6 18.
Rab1 Rf7 19. Qc4 Kg7 20. b4 Rd8 21. Qb3 Rxd1+ 22. Rxd1 Rb7 23. Qc4 g5 24. Bc5 Qf7 25.
Qxf7+ Rxf7 26. a4 f4 27. g4 f3 28. e3 Rb7 29. h3 Kf6 30. Kf1 Ke6 31. Rd8 Rd7 32.
Rxd7 Kxd7 33. Bxa7 Bc3 34. Bc5 Ke6 35. Kg1 h6 36. Bf8 Kd5 37. Bxh6 Bf6 38. a5 Kc4 39. a6 1-0

[Event "*** Titled Tuesday Blitz"]
[Site "Chess.com"]
[Date "2020.10.27"]
[Round "9"]
[White "Mikasinski"]
[Black "emiliochess"]
[Result "1-0"]
[WhiteElo "2493"]
[BlackElo "2327"]
[TimeControl "180+1"]
[EndTime "11:44:47 PDT"]
[Termination "Mikasinski won by checkmate"]

1. e4 c6 2. d4 d5 3. e5 Bf5 4. h4 h6 5. g4 Be4 6. f3 Bg6 7. e6 Qd6 8. exf7+ Bxf7 9. f4 Nd7 10.
Nf3 O-O-O 11. Ne5 Be8 12. Bd3 Ngf6 13. Bd2 Ne4 14. Nc3 Nxd2 15. Qxd2 Qb4 16. Bf5 Rg8 17. Be6 Rh8 18. Bxd7+ Bxd7 19. Nf7 Rg8 20. Nxd8 Kxd8 21. f5 g6 22. fxg6 Rxg6 23. g5 hxg5 24. hxg5 Bg7 25. O-O-O e5 26. dxe5 Bxe5 27. a3 Qc4 28. Kb1 Bf4 29.
Rh8+ Kc7 30. Qf2 Rxg5 31. Qxa7 Be5 32. Qa5+ Kd6 33. Rh6+ Ke7 34. Re1 Qg4 35. Qc7 Qg3 36. Rh7+ Kf6 37. Rf1+ Rf5 38. Rxf5+ Bxf5 39. Qf7+ Kg5 40.
Rh5+ Kf4 41. Qxf5+ Ke3 42. Qxe5+ Qxe5 43. Rxe5+ Kd4 44. Re7 b5 45. Nxb5+ Kc4 46. Na7 d4 47. Nxc6 d3 48. cxd3+ Kb3 49. Nd4+ Ka4 50. Ra7# 1-0

[Event "*** Titled Tuesday Blitz"]
[Site "Chess.com"]
[Date "2020.10.27"]
[Round "9"]
[White "Michaelson_11"]
[Black "Kotofeyca"]
[Result "0-1"]
[WhiteElo "2137"]
[BlackElo "2354"]
[TimeControl "180+1"]
[EndTime "11:44:52 PDT"]
[Termination "Kotofeyca won by checkmate"]

1. e4 c5 2. Nf3 d6 3. d4 cxd4 4.
Nxd4 Nf6 5. Nc3 a6 6. Bd3 e5 7. Nde2 b5 8. O-O Bb7 9. Ng3 Nbd7 10. Bg5 h6 11. Bxf6 Nxf6 12. Nf5 g6 13. Ne3 Bg7 14.
Ncd5 Nxd5 15. Nxd5 Bxd5 16. exd5 f5 17. Qe2 O-O 18.
c3 e4 19. Bc2 Qh4 20. Rad1 Rae8 21. g3 Qh3 22. Qe3 Kh7 23. f4 exf3 24. Qxf3 Re5 25.
Qg2 Qg4 26. h3 Qc4 27. Bb3 Qc5+ 28. Qf2 Re3 29. Kg2 Rfe8 30. Rd2 a5 31. Rfd1 a4 32. Bc2 Be5 33. g4 Rg3+ 34. Kf1 Qc4+ 35. Bd3 Qxa2 36. gxf5 Rf8 37. Re2 Qxd5 38. fxg6+ Kg7 39. Qxf8+ Kxf8 40. Rf2+ Kg8 41. Be2 Qh1# 0-1

[Event "*** Titled Tuesday Blitz"]
[Site "Chess.com"]
[Date "2020.10.27"]
[Round "9"]
[White "Euge_chess"]
[Black "ajedrezhoy"]
[Result "0-1"]
[WhiteElo "2086"]
[BlackElo "2224"]
[TimeControl "180+1"]
[EndTime "11:44:52 PDT"]
[Termination "ajedrezhoy won on time"]

1. e4 Nf6 2. Nc3 d5 3. e5 Ne4 4. Nxe4 dxe4 5. d3 Nc6 6. Bf4 Qd5 7. c4 Qa5+ 8. Qd2 Qxd2+ 9. Kxd2 Bf5 10. e6 Bxe6 11.
Bxc7 Rc8 12. Bg3 exd3 13. Bxd3 g6 14. Nf3 Bh6+ 15. Kc3 Bg7+ 16. Kd2 O-O 17. Ke2 Rfd8 18. Rhd1 Nb4 19. a3 Nxd3 20. Rxd3 Bxc4 21. Ne1 Bxb2 22. Rb1 Bc3 23. Rd1 Bxe1 24. Kxe1 Rxd3 25. Rb1 b5 26. f3 Rxa3 27. Bf2 a6 28. g4 Rxf3 29. g5 e5 30. Ra1 Rc6 31. Rd1 Rd3 32.
Ra1 e4 33. Bg3 e3 34. Rc1 Kf8 35. Be5 Ke7 36. Bf6+ Ke6 37. Bg7 Kf5 0-1

[Event "*** Titled Tuesday Blitz"]
[Site "Chess.com"]
[Date "2020.10.27"]
[Round "9"]
[White "oogee"]
[Black "AsaHoffmann"]
[Result "1-0"]
[WhiteElo "2222"]
[BlackElo "2343"]
[TimeControl "180+1"]
[EndTime "11:44:53 PDT"]
[Termination "oogee won by checkmate"]

1. d4 Nf6 2. c4 c5 3. d5 e5 4.
Nc3 d6 5. e4 Be7 6. g3 O-O 7.
Bg2 Na6 8. h3 Bd7 9. Nge2 Ne8 10. O-O Nec7 11. a4 Nb4 12. Be3 b6 13. Qd2 a6 14. f4 Bf6 15. f5 Qe7 16. Kh2 h6 17.
Ng1 b5 18. b3 bxc4 19. bxc4 Bg5 20. Rac1 Bxe3 21. Qxe3 Qg5 22. Qe2 Rab8 23. Nf3 Qe7 24. g4 f6 25. h4 Be8 26. Rg1 Bf7 27. Bh3 Rb7 28. g5 hxg5 29. hxg5 Bh5 30. g6 Rfb8 31. Qf2 Nd3 32. Qh4 Rb2+ 33. Rg2 Nf4 34. Rg1 Kf8 35. Bg4 Ke8 36. Bxh5 Nxg2 37. Rxg2 Rxg2+ 38. Kxg2 Rb3 39. Qe1 Na8 40. Qc1 Qb7 41. Nd2 Rb2 42.
Nb5 Rxd2+ 43. Qxd2 axb5 44. Qh6 gxh6 45. g7+ Kd8 46.
g8=Q+ Kc7 47. cxb5 Kb6 48. Qd8+ Ka7 49. Qxd6 Qb6 50.
Qd7+ Nc7 51. d6 c4 52. dxc7 Kb7 53. c8=Q# 1-0

[Event "*** Titled Tuesday Blitz"]
[Site "Chess.com"]
[Date "2020.10.27"]
[Round "9"]
[White "Witik"]
[Black "Lion-Al-Messi"]
[Result "1-0"]
[WhiteElo "2707"]
[BlackElo "2534"]
[TimeControl "180+1"]
[EndTime "11:44:54 PDT"]
[Termination "Witik won by resignation"]

1. d4 d5 2. Bf4 Nf6 3. e3 c5 4.
c3 Nc6 5. Nd2 Qb6 6. Qb3 Qxb3 7.
axb3 cxd4 8. exd4 a6 9. b4 Nh5 10. Be3 e5 11. dxe5 Nxe5 12. Ngf3 Ng4 13. Bd4 Be7 14. h3 Ngf6 15. g3 O-O 16. Bg2 Bd7 17. O-O Ne4 18. Rfe1 f5 19. Ne5 Bb5 20. c4 Bxb4 21.
Nxe4 Bxe1 22. Nd6 Nf6 23. Rxe1 dxc4 24. Nxb7 Rab8 25. Bc3 Rfe8 26. Nd6 Re7 27. Nxf5 Re6 28. f4 Nd7 29. Bd5 Re8 1-0

[Event "*** Titled Tuesday Blitz"]
[Site "Chess.com"]
[Date "2020.10.27"]
[Round "9"]
[White "venus02"]
[Black "CakeinSpace2002"]
[Result "1-0"]
[WhiteElo "2513"]
[BlackElo "2355"]
[TimeControl "180+1"]
[EndTime "11:44:56 PDT"]
[Termination "venus02 won by resignation"]

1. d4 Nf6 2. c4 g6 3. Nf3 Bg7 4. g3 O-O 5. Bg2 d6 6. O-O c5 7. Nc3 Nc6 8. Re1 cxd4 9. Nxd4 Bd7 10. b3 Qa5 11. Bb2 Qh5 12. Nd5 Nxd5 13. Bxd5 Nxd4 14.
Bxd4 Bc6 15. Bxg7 Kxg7 16. Bxc6 bxc6 17. Qd4+ f6 18. c5 Qxc5 19. Qxc5 dxc5 20. Rac1 Rfd8 21. Rxc5 Rd2 22. Ra5 Kf7 23. e3 Rad8 24. Rxa7 Rc2 25. a4 Rdd2 26. Rf1 Rb2 27. Rb7 c5 28. Rb5 Rdc2 29. a5 Ra2 30. g4 Ke6 31. b4 cxb4 32. Rxb4 Rxa5 33. Re4+ Kf7 34. Rd1 f5 35. gxf5 Rxf5 36.
Rd7 Rfxf2 37. Rexe7+ Kf8 38. Rxh7 Rg2+ 39. Kf1 Rcf2+ 40.
Ke1 Ke8 41. Ra7 Re2+ 42. Kd1 Rd2+ 43. Kc1 Rc2+ 44. Kb1 Rb2+ 45. Ka1 1-0

[Event "*** Titled Tuesday Blitz"]
[Site "Chess.com"]
[Date "2020.10.27"]
[Round "9"]
[White "Zhani-Z"]
[Black "Chessalary"]
[Result "1-0"]
[WhiteElo "2532"]
[BlackElo "2397"]
[TimeControl "180+1"]
[EndTime "11:44:57 PDT"]
[Termination "Zhani-Z won by resignation"]

1. e4 c5 2. Nf3 d6 3. Bb5+ Bd7 4. Bxd7+ Qxd7 5. c4 e5 6. Nc3 Ne7 7. O-O g6 8. a3 Bg7 9. b4 O-O 10. Rb1 Nbc6 11.
Nd5 Nxd5 12. cxd5 Nd4 13. bxc5 dxc5 14. d3 f5 15. Nd2 f4 16. f3 g5 17. a4 h5 18. Nc4 g4 19. Bb2 gxf3 20. gxf3 Rf6 21. Bxd4 Rg6+ 22. Kh1 cxd4 23. Rg1 Rxg1+ 24. Qxg1 Kh7 25.
Qg2 Rg8 26. Rg1 Qf7 27. Nd6 Qf6 28. Nf5 b6 29. Qh3 Bh6 30. Rxg8 Kxg8 31. Qxh5 Qg5 32.
Nxh6+ 1-0

[Event "*** Titled Tuesday Blitz"]
[Site "Chess.com"]
[Date "2020.10.27"]
[Round "9"]
[White "WhiteKnight2612"]
[Black "kingofthenil"]
[Result "1-0"]
[WhiteElo "2592"]
[BlackElo "2481"]
[TimeControl "180+1"]
[EndTime "11:44:59 PDT"]
[Termination "WhiteKnight2612 won on time"]

1. Nf3 Nf6 2. g3 d5 3. Bg2 e6 4. O-O Be7 5. d4 O-O 6. c4 c6 7. Nc3 Nbd7 8. b3 b6 9. Bb2 Ba6 10. Nd2 c5 11. e3 cxd4 12. exd4 Rc8 13. Qe2 Qc7 14. Nb5 Bxb5 15. cxb5 Qc2 16. Rab1 Bb4 17.
Rfd1 Bc3 18. Bxc3 Rxc3 19. a4 Rfc8 20. Qe1 Qa2 21. Nf1 Rxb3 22. Ra1 Qb2 23. Rdb1 Qxd4 24. Rxb3 Rc2 25. Rd1 Qc5 26. a5 h5 27. axb6 axb6 28. h3 e5 29. Ne3 1-0

[Event "*** Titled Tuesday Blitz"]
[Site "Chess.com"]
[Date "2020.10.27"]
[Round "9"]
[White "ASVZ"]
[Black "babyking1205"]
[Result "0-1"]
[WhiteElo "2471"]
[BlackElo "2661"]
[TimeControl "180+1"]
[EndTime "11:45:00 PDT"]
[Termination "babyking1205 won by checkmate"]

1. e4 c5 2. c3 Nf6 3. e5 Nd5 4. d4 cxd4 5. Qxd4 Nc7 6. Qh4 Nc6 7. Nf3 d6 8. Bf4 Nd5 9. Bg3 dxe5 10. Nxe5 Nxe5 11.
Bxe5 Qb6 12. Qd4 e6 13. Qxb6 Nxb6 14. Nd2 f6 15. Bg3 e5 16. Bb5+ Bd7 17. Bxd7+ Kxd7 18. O-O-O Kc6 19. f4 exf4 20. Bxf4 Nd5 21. g3 Nxf4 22. gxf4 Bd6 23. f5 Rhe8 24. Rhg1 Bf4 25. Rxg7 Re2 26. Rg4 Rf2 27. Rxf4 Rxf4 28. Nb3 Rg8 29. Nd4+ Kb6 30.
Rd2 h5 31. Kc2 h4 32. a4 a6 33. b4 h3 34. a5+ Ka7 35. Kb3 Rg2 36. Rd3 Rxh2 37.
Kc4 Rh1 38. Kc5 h2 39. Rh3 Rc1 40. Nc6+ bxc6 41. Rh7+ Kb8 42. Kb6 Kc8 43. Rxh2 Rxc3 44. Kxa6 Rxb4 45. Rh6 Rb8 46. Rxf6 Ra8+ 47. Kb6 Rb3+ 48.
Kc5 Rxa5+ 49. Kd6 Rd3+ 50. Kxc6 Ra6+ 51. Kb5 Rxf6 52. Kc4 Rf3 53. Kd4 R3xf5 54. Ke4 Kd7 55. Ke3 Ke6 56. Ke4 Re5+ 57. Kd3 Rf7 58. Kc4 Rd7 59.
Kb3 Kd6 60. Ka4 Rc5 61. Kb4 Kc6 62. Kb3 Rb7+ 63. Ka4 Rb6 64. Ka3 Kb7 65. Ka2 Ka6 66. Ka3 Ra5# 0-1

[Event "*** Titled Tuesday Blitz"]
[Site "Chess.com"]
[Date "2020.10.27"]
[Round "9"]
[White "Yashasd1995"]
[Black "Kobalia"]
[Result "0-1"]
[WhiteElo "2551"]
[BlackElo "2739"]
[TimeControl "180+1"]
[EndTime "11:45:01 PDT"]
[Termination "Kobalia won by checkmate"]

1. b3 e5 2. Bb2 Nc6 3. e3 g6 4. Bb5 Bg7 5. Nf3 Nge7 6. d4 exd4 7. Nxd4 Nxd4 8. Bxd4 O-O 9. Bxg7 Kxg7 10. Qd4+ Kg8 11. Bd3 d5 12. Nd2 Nf5 13. Qb2 Qg5 14.
O-O Nh4 15. g3 Bh3 16. f4 Qh5 17. Rf2 Nf5 18. e4 Ne3 19. exd5 Nd1 20. Be2 Qxe2 21. Rxe2 Nxb2 22. Rb1 Rfe8 23. Rxe8+ Rxe8 24. Kf2 Rd8 25.
Rxb2 Rxd5 26. c4 Rd3 27. Ne4 b6 28. Rd2 Rxd2+ 29. Nxd2 Kf8 30. Ke3 Ke7 31. Kd4 c5+ 32.
Kd5 Bg2+ 33. Ke5 f6# 0-1

[Event "*** Titled Tuesday Blitz"]
[Site "Chess.com"]
[Date "2020.10.27"]
[Round "9"]
[White "maciek_92"]
[Black "FMJoseHerrera"]
[Result "1-0"]
[WhiteElo "2720"]
[BlackElo "2562"]
[TimeControl "180+1"]
[EndTime "11:45:01 PDT"]
[Termination "maciek_92 won on time"]

1. e4 c5 2. Nf3 e6 3. d4 cxd4 4.
Nxd4 a6 5. Bd3 Qc7 6. O-O b6 7. c4 Bb7 8. Nc3 d6 9. a3 Nd7 10. Be3 Ngf6 11. Rc1 Be7 12. b4 Rc8 13. Kh1 h5 14. f4 h4 15. Nf3 h3 16. g3 Qb8 17. Kg1 Qa8 18. Ng5 Kf8 19. Qe2 d5 20. cxd5 exd5 21. e5 Nh5 22. Nxf7 Kxf7 23. e6+ Kf8 24.
exd7 Rd8 25. Bf5 Nxg3 26. hxg3 h2+ 27. Kf2 Bf6 28. Nxd5 Bxd5 29. Rc8 Qb7 30. Bc5+ Kf7 31. Qg4 g5 32. fxg5 Be5 33. Rxd8 Rxd8 34. Qh5+ 1-0

[Event "*** Titled Tuesday Blitz"]
[Site "Chess.com"]
[Date "2020.10.27"]
[Round "9"]
[White "Gabrielian_Artur"]
[Black "verdest"]
[Result "1-0"]
[WhiteElo "2783"]
[BlackElo "2623"]
[TimeControl "180+1"]
[EndTime "11:45:02 PDT"]
[Termination "Gabrielian_Artur won by resignation"]

1. d4 Nf6 2. c4 e6 3. Nc3 Bb4 4. e3 O-O 5. Bd3 d5 6. Nf3 b6 7. O-O Bb7 8. cxd5 exd5 9. Ne5 Nbd7 10. f4 Re8 11. Bd2 c5 12. a3 Bxc3 13. bxc3 Ne4 14. Bxe4 dxe4 15. Qb3 Nxe5 16. fxe5 Qe7 17. Rf4 Rac8 18.
Raf1 c4 19. Qd1 Bd5 20. Be1 Rc6 21. Bh4 Qxa3 22. Bf6 Kh8 23. Qh5 Qf8 24. Rh4 Qg8 25. Rff4 Be6 26. d5 gxf6 27. dxe6 Rcxe6 28. Rfg4 1-0

[Event "*** Titled Tuesday Blitz"]
[Site "Chess.com"]
[Date "2020.10.27"]
[Round "9"]
[White "HouseOfDurin"]
[Black "LogoCzar"]
[Result "0-1"]
[WhiteElo "2185"]
[BlackElo "2379"]
[TimeControl "180+1"]
[EndTime "11:45:02 PDT"]
[Termination "LogoCzar won by resignation"]

1. d4 f5 2. Bg5 h6 3. Bh4 g5 4. Bg3 Nf6 5. Be5 e6 6. e3 d6 7. Bxf6 Qxf6 8. Qh5+ Qf7 9. Qxf7+ Kxf7 10. c4 Bg7 11. Nc3 c5 12. O-O-O Nc6 13. Nb5 cxd4 14.
Nxd6+ Ke7 15. Nxc8+ Raxc8 16. exd4 Nxd4 17. b3 b5 18. Ne2 Rhd8 19. Nxd4 Bxd4 20. f3 e5 21. Be2 Kf6 22. Kc2 bxc4 23. Bxc4 e4 24. fxe4 fxe4 25. Rhf1+ Ke5 26. Rf7 Rf8 27. Rdf1 Rxf7 28.
Rxf7 Rc6 29. g3 Bg1 30. h4 gxh4 31.
gxh4 Rd6 32. h5 e3 33. Rg7 Rd2+ 34. Kc3 Bh2 35. Re7+ Kf4 36. Rf7+ Ke4 37. Re7+ Be5+ 38. Kb4 e2 39. Bxe2 Rxe2 40. Rxa7 Kd5 41. Ra5+ Kd4 42.
a4 Bd6+ 43. Kb5 Re5+ 44. Kc6 Rxa5 45. Kxd6 Kc3 46. b4 Kxb4 47. Ke6 Kxa4 48. Kf6 Rxh5 49.
Kg6 Rh1 50. Kg7 h5 51. Kg6 h4 0-1

[Event "*** Titled Tuesday Blitz"]
[Site "Chess.com"]
[Date "2020.10.27"]
[Round "9"]
[White "UCantHandleDenker"]
[Black "druskacik"]
[Result "1-0"]
[WhiteElo "2515"]
[BlackElo "2597"]
[TimeControl "180+1"]
[EndTime "11:45:03 PDT"]
[Termination "UCantHandleDenker won on time"]

1. Nf3 c5 2. g3 Nc6 3. Bg2 g6 4. O-O Bg7 5. c4 e5 6. Nc3 d6 7. d3 Be6 8. a3 Nge7 9. Rb1 a5 10. Ng5 Bf5 11. Bd2 O-O 12. Nb5 d5 13. cxd5 Nxd5 14.
e4 Nde7 15. exf5 Nxf5 16. Ne4 Qb6 17. a4 Rad8 18. Be3 Nxe3 19. fxe3 c4 20. Ned6 Qxe3+ 21. Kh1 cxd3 22. Rf3 Qc5 23. Rxd3 Nb4 24. Rd2 Bh6 25. Nxb7 Rxd2 26. Nxc5 Rxd1+ 27. Rxd1 Rc8 28. Ne4 Bf8 29. Nf6+ Kg7 30. Nd7 Be7 31. Nxe5 Bf6 32. Nxf7 Rc2 33. Nfd6 Bxb2 34. Rf1 1-0

[Event "*** Titled Tuesday Blitz"]
[Site "Chess.com"]
[Date "2020.10.27"]
[Round "9"]
[White "AndreyNeves"]
[Black "madmax011"]
[Result "1-0"]
[WhiteElo "2258"]
[BlackElo "1855"]
[TimeControl "180+1"]
[EndTime "11:45:03 PDT"]
[Termination "AndreyNeves won by checkmate"]

1. d4 Nf6 2. c4 g6 3. g3 d5 4.
cxd5 Nxd5 5. Nf3 Bg7 6. Bg2 O-O 7. O-O Nc6 8. e4 Nb6 9. d5 Na5 10. Nc3 Nac4 11. Qb3 Nd6 12. a4 e6 13. Rd1 exd5 14.
exd5 Bf5 15. a5 Nbc4 16. Bg5 Qd7 17. Nd4 Ne5 18. Nxf5 Nxf5 19. Ne4 Nd6 20. Nf6+ Bxf6 21. Bxf6 Ng4 22. Bc3 f5 23. Qb4 Nf6 24. f3 b6 25.
axb6 axb6 26. Rxa8 Rxa8 27. Re1 Nxd5 28. Qb3 Qf7 29.
f4 c6 30. Bxd5 Qxd5 31. Qxb6 Ne4 32. Qb7 Qc5+ 33. Kg2 Qf2+ 34. Kh3 Nxc3 35. Qxa8+ Kg7 36. Qe8 Nd5 37. Ra1 Qf3 38. Ra7+ Kh6 39. Qf8+ Kh5 40. Rxh7# 1-0